 Dungeon Crawl Stone Soup version 0.30-a0-605-gb2882149bf (webtiles) character file.

Game seed: 2522343479048535450

86 wormed the Insei (level 4, 0/28 HPs)
             Began as an Octopode Transmuter on Jan 7, 2023.
             Slain by a gnoll
             ... wielding a +0 spear
              (4 damage)
             ... on level 3 of the Dungeon.
             The game lasted 00:02:40 (1443 turns).

wormed the Insei (Octopode Transmuter)              Turns: 1443, Time: 00:02:40

Health: 0/28       AC:  1    Str:  9    XL:     4   Next: 49%
Magic:  4/7        EV: 13    Int: 17    God:
Gold:   104        SH:  0    Dex: 12    Spells: 4/7 levels left

rFire   . . .      SeeInvis .      - Unarmed
rCold   . . .      Faith    .    (no shield)
rNeg    . . .      Spirit   .    (helmet currently unavailable)
rPois   .          Reflect  .    (no amulet)
rElec   .          Harm     .    (no ring)
rCorr   .          Rampage  .    (no ring)
Will    .....                    (no ring)
Stlth   ++                       (no ring)
HPRegen 0.24/turn                (no ring)
MPRegen 0.10/turn                (no ring)
                                 (no ring)
                                 (no ring)

@: appendages (expiring), wereblooded
A: tentacle spike 3, almost no armour, amphibious, 8 rings, camouflage 1,
gelatinous body 1, (nimble swimmer 1), tentacles
a: End Transformation


You were on level 3 of the Dungeon.
One of your tentacles had grown a beastly spike.
You visited 1 branch of the dungeon, and saw 3 of its levels.

You collected 104 gold pieces.

Inventory:

Wands
 c - a wand of mindburst (8)
Scrolls
 b - a scroll of magic mapping
 g - 3 scrolls of immolation
Potions
 a - a potion of lignification
 e - 2 potions of mutation
 f - a potion of brilliance


   Skills:
 + Level 1.5 Fighting
 + Level 2.3 Dodging
 + Level 3.3 Unarmed Combat
 + Level 2.4 Spellcasting
 * Level 3.1 Transmutations
 + Level 1.2 Ice Magic


You had 4 spell levels left.
You knew the following spells:

 Your Spells              Type           Power      Damage    Failure   Level
a - Beastly Appendage     Tmut           24%        N/A       5%          1
b - Wereblood             Tmut           12%        N/A       8%          2

Your spell library contained the following spells:

 Spells                   Type           Power      Damage    Failure   Level
 Freeze                   Ice            24%        1d4       11%         1
 Magic Dart               Conj           8%         1d3       19%         1
 Searing Ray              Conj           4%         2d4       28%         2
 Spider Form              Tmut/Pois      7%         N/A       28%         3
 Frozen Ramparts          Ice            12%        1d2       32%         3
 Hailstorm                Conj/Ice       4%         3d4       41%         3
 Call Canine Familiar     Summ           2%         N/A       50%         3
 Portal Projectile        Hex/Tloc       4%         N/A       50%         3
 Ice Form                 Ice/Tmut       9%         N/A       58%         4
 Fulminant Prism          Conj/Hex       1%         3d5       88%         4
 Leda's Liquefaction      Hex/Erth       1%         N/A       88%         4


Dungeon Overview and Level Annotations

Branches:
Dungeon (3/15)

Altars:

Shops:
D:1 [


Innate Abilities, Weirdness & Mutations

One of your tentacles has grown a beastly spike.
You cannot wear most types of armour.
You are amphibious.
You can wear up to eight rings at the same time.
Your skin changes colour to match your surroundings (Stealth+).
Your rubbery body absorbs attacks. (AC +1, EV +1)
((You are camouflaged when in or above water. (Stealth+)))
You have tentacles for arms and can constrict up to eight enemies at once.


Message History

The adder is moderately wounded.
You constrict the adder. The adder barely misses you.
You tentacle-slap the adder.
The adder is severely wounded.
You constrict the adder. The adder misses you. x2
You tentacle-slap the adder.
You kill the adder!
Your Transmutations skill increases to level 3!
You have reached level 4!
You tentacle-slap the orc. You grab the orc.
You pierce the orc.
You squeeze the orc.
You kill the orc!
You tentacle-slap the gnoll. You grab the gnoll.
The gnoll is moderately wounded.
You constrict the gnoll. The gnoll barely misses you.
You tentacle-slap the gnoll.
You pierce the gnoll.
You kill the gnoll!
You barely miss the gnoll. Your grab misses the gnoll.
You pierce the gnoll.
Your squeeze misses the gnoll.
The gnoll is heavily wounded.
The gnoll barely misses you.
You barely miss the gnoll. You grab the gnoll.
You pierce the gnoll.
The gnoll is severely wounded.
You constrict the gnoll. The gnoll misses you. x2
You tentacle-slap the gnoll.
The gnoll is almost dead.
You constrict the gnoll.
You kill the gnoll!
The gnoll hits you from afar with a +0 halberd!
Ouch! That really hurt!
Your transformation is almost over.
The gnoll closely misses you. The gnoll hits you with a +0 halberd!
* * * LOW HITPOINT WARNING * * *
Items here: ))) [ ††.
You tentacle-slap the gnoll. You grab the gnoll. You squeeze the gnoll.
The gnoll is severely wounded.
You howl as the wereblood boils in your veins!
You constrict the gnoll, but do no damage.
The gnoll hits you with a +0 spear.
You die...

########## ##.........
####.#.########.
#########...###.#g......
..#..........#..@g......
....#####.##..##........
..### #.##.###.####<..
.## #.##.# #.# . .#
#.##.# #.# .# #.##.# #.#
.# #.##.# #.# .#
####....###.#
.#####.)..[......###


You could see 2 gnolls.

Vanquished Creatures
  2 gnolls (D:3)
  2 adders
  An orc (D:3)
  A ball python (D:1)
  5 endoplasms
  A giant cockroach (D:2)
  4 goblins
  2 hobgoblins (D:1)
  4 jackals (D:2)
  2 quokkas
  3 bats
  3 frilled lizards
  6 kobolds
  8 rats
44 creatures vanquished.

Notes
Turn   | Place    | Note
-------+----------+-------------------------------------------
     0 | D:1      | wormed the Octopode Transmuter began the quest for the Orb.
     0 | D:1      | Reached XP level 1. HP: 13/13 MP: 3/3
    10 | D:1      | You fall into a shaft and drop 1 floor!
    64 | D:2      | Reached XP level 2. HP: 13/18 MP: 5/5
   406 | D:1      | Reached XP level 3. HP: 12/23 MP: 4/6
   668 | D:1      | Found Amuapt's Antique Armour Emporium.
  1268 | D:2      | Reached skill level 1 in Ice Magic
  1349 | D:2      | Learned a level 2 spell: Wereblood
  1436 | D:3      | Reached XP level 4. HP: 28/28 MP: 3/7
  1443 | D:3      | Slain by a gnoll

Illustrated notes

Levels and vault maps discovered:
D:1:      amcnicky_arrival_double_pillar, layout_rooms, serial_shops,
          nicolae_shop_stone, minivault_26
D:2:      layout_rooms, minmay_strange_pillars, minmay_fractal_squares_5
D:3:      cheibrodos_fertilizer, layout_loops_ring, ebering_ghost_disaster_area

Skill      XL: |  1  2  3 |
---------------+----------+-----
Ice Magic      | 1 |  1.2
Transmutations | 3 |  3.1
Fighting       | |  1.5
Dodging        | |  2.3
Unarmed Combat | |  3.3
Spellcasting   | |  2.4

Action                   |  1- 3 |  4- 6 || total
-------------------------+-------+-------++-------
Melee: Unarmed           |    94 |     7 ||   101
       Constrict         |    20 |     4 ||    24
       Kick              |    19 |     4 ||    23
       Tentacles         |     9 |     2 ||    11
       Punch             |     1 |       ||     1
 Cast: Beastly Appendage |    20 |       ||    20
       Wereblood         |     1 |       ||     1
  Use: Scroll            |     6 |       ||     6
 Stab: Sleeping          |     3 |       ||     3
Armor: Skin              |     3 |       ||     3
Dodge: Dodged            |    77 |     5 ||    82

Table legend: (Time is in decaauts)
 A = Elapsed time spent in this place.
 B = Non-inter-level travel time spent in this place.
 C = Inter-level travel time spent in this place.
 D = Time resting spent in this place.
 E = Time spent auto-exploring this place.
 F = Levels seen in this place.
 G = Mean time per level.
                   A        B        C        D        E       F      G
               +--------+--------+--------+--------+--------+-----+--------+
         Total |   1437 |   1393 |     44 |      0 |   1139 |   3 |  479.0 |
       Dungeon |   1437 |   1393 |     44 |      0 |   1139 |   3 |  479.0 |
               +--------+--------+--------+--------+--------+-----+--------+

Top non-repeatable levels by time:
     D:1: 685 daAuts
     D:2: 676 daAuts
     D:3: 76 daAuts
